 Dungeon Crawl Stone Soup version 0.24.0 (webtiles) character file.

Game seed: 15238420035084628389, levelgen mode: deterministic

20 RonnieColeman the Conjurer (level 2, 0/17 HPs)
             Began as an Octopode Conjurer on Apr 13, 2020.
             Slain by a bat (1 damage)
             ... on level 1 of the Dungeon.
             The game lasted 00:01:25 (1029 turns).

RonnieColeman the Conjurer (Octopode Conjurer)      Turns: 1029, Time: 00:01:26

Health: 0/17       AC:  1    Str:  7    XL:     2   Next: 79%
Magic:  5/5        EV: 13    Int: 17    God:
Gold:   0          SH:  0    Dex: 12    Spells: 5/6 levels left

rFire    . . .     SeeInvis .   f - +2 dagger (freeze)
rCold    . . .     Gourm    .   (no shield)
rNeg     . . .     Faith    .   (helmet restricted)
rPois    .         Spirit   .   (no amulet)
rElec    .         Reflect  .   e - ring of stealth
rCorr    .         Harm     .   (no ring)
MR       .....                  (no ring)
Stlth    ++++......             (no ring)
HPRegen  0.05/turn              (no ring)
MPRegen  0.09/turn              (no ring)
                                (no ring)
                                (no ring)

@: no status effects
A: almost no armour, stealthy swim, amphibious, 8 rings, constrict 8, camouflage
1, gelatinous body 1
a: no special abilities


You were on level 1 of the Dungeon.
You were not hungry.

You visited 1 branch of the dungeon, and saw 1 of its levels.

Inventory:

Hand Weapons
 c - a +0 dagger
 f - a +2 dagger of freezing (weapon)
Jewellery
 e - a ring of stealth (left tentacle)
Scrolls
 a - a scroll of fog {unknown}
 d - 2 scrolls of identify {unknown}
 i - a scroll of teleportation {unknown}
Potions
 g - a potion of berserk rage {unknown}
Comestibles
 b - 2 rations


   Skills:
 - Level 2.0 Dodging
 - Level 2.6 Stealth
 * Level 2.8 Spellcasting
 + Level 4.2 Conjurations


You had 5 spell levels left.
You knew the following spells:

 Your Spells              Type           Power        Failure   Level  Hunger
a - Magic Dart            Conj           ###.         3%          1    #......

Your spell library contained the following spells:

 Spells                   Type           Power        Failure   Level  Hunger
 Searing Ray              Conj           ###...       4%          2    ##.....
 Dazzling Spray           Conj/Hex       #.....       22%         3    ###....
 Iskenderun's Mystic Bla  Conj           ###.....     30%         4    #####..
 Force Lance              Conj/Tloc      #.......     58%         4    #####..
 Fulminant Prism          Conj/Hex       #.........   58%         4    #####..


Dungeon Overview and Level Annotations

Branches:
Dungeon (1/15)

Altars:


Innate Abilities, Weirdness & Mutations

You cannot wear most types of armour.
You are very stealthy in the water. (Stealth+)
You are amphibious.
You can wear up to eight rings at the same time.
You can use your tentacles to constrict eight enemies at once.
Your skin changes colour to match your surroundings (Stealth+).
Your rubbery body absorbs attacks. (AC +1, EV +1)


Message History

The bat hits you but does no damage. The bat hits you.
The bat barely misses you. The bat hits you but does no damage.
The kobold closely misses you. The hobgoblin hits you.
You barely miss the kobold. You grab the kobold.
Your squeeze misses the kobold. You constrict the kobold.
The bat barely misses you.
The kobold hits you with a +2 short sword of protection.
The hobgoblin hits you.
* * * LOW HITPOINT WARNING * * *
The bat hits you.
* * * LOW HITPOINT WARNING * * *
You release your grip on the kobold.
The bat hits you but does no damage. x2
The bat closely misses you. The bat closely misses you. The bat misses you.
The bat hits you but does no damage. The bat misses you. The bat hits you.
* * * LOW HITPOINT WARNING * * *
You barely miss the bat. Your grab misses the bat. Your squeeze misses the bat.
The bat misses you. The bat hits you.
You die...

.##.# #...# ##.......#..# .##.#
##### #..###..#..# .##)#####
#.......#..# .##.#...#
#..###.##..#
.##.#...#############..##.##..#
.##...........................###
.##.#...##############.##.#.....#
.##.#...# #..........#.#.###
...##...# #@######.###.#..##
...###### #b# #..##.#..## ...#
#b# ##.##.#...# ...# ####K#
#..#.#...#
.############...g########.#.#...#
............#...................#
#####'##....#...######...#..#...#
##.##....#...# #...#..#...#
##..##....#...# #...#..#...#


You could see a hobgoblin, 2 bats and a kobold.

Vanquished Creatures
  A giant cockroach (D:1)
  4 goblins (D:1)
  3 hobgoblins (D:1)
  4 bats (D:1)
  2 kobolds (D:1)
  5 rats (D:1)
19 creatures vanquished.

Notes
Turn   | Place    | Note
-------+----------+-------------------------------------------
     0 | D:1      | RonnieColeman the Octopode Conjurer began the quest for the
                  | Orb.
     0 | D:1      | Reached XP level 1. HP: 11/11 MP: 3/3
    96 | D:1      | Reached XP level 2. HP: 15/17 MP: 5/5
  1029 | D:1      | Slain by a bat

Levels and vault maps discovered:
D:1:      mrwooster_arrival_arrow, layout_basic, chequers_serial_rivers_large_b
